 Dungeon Crawl Stone Soup version 0.22-a0-571-g4a923d4 (webtiles) character file.

20209 Amnesiac the Nimble (level 12, -2/58 HPs)
             Began as a Spriggan Fighter on July 1, 2018.
             Was an Elder of Okawaru.
             Slain by a yak (10 damage)
             ... in an ice cave.
             The game lasted 00:53:11 (18731 turns).

Amnesiac the Nimble (Spriggan Fighter)             Turns: 18731, Time: 00:53:11

Health: -2/58      AC: 20    Str: 16    XL:     12   Next: 43%
Magic:  20/22      EV: 27    Int: 14    God:    Okawaru [****..]
Gold:   705        SH:  9    Dex: 15    Spells: 8/23 levels left

rFire    . . .     SeeInvis +   a - +2 dagger (drain)
rCold    + + .     Gourm    .   c - +0 buckler
rNeg     + + +     Faith    .   N - +4 swamp dragon scales of Nystups {*Drain *Slow +Fly rPois rN+++}
rPois    +         Spirit   .   S - +2 hat {Int+3}
rElec    +         Reflect  .   B - +2 cloak {rPois}
rCorr    .         Harm     .   (gloves unavailable)
MR       ++...                  (boots unavailable)
Stlth    ++++++....             h - amulet "Imeepho" {Acrobat rElec rC+ Stlth+}
HPRegen  0.19/turn              p - +3 ring of protection
MPRegen  0.18/turn              L - ring of protection from cold

@: heroism, very quick
A: very small, unfitting armour, see invisible, herbivore, speed 3, slow
metabolism 2
a: Heroism, Renounce Religion, Evoke Flight


You were in an ice cave.
You worshipped Okawaru.
Okawaru was greatly pleased with you.
You were not hungry.

You visited 2 branches of the dungeon, and saw 15 of its levels.
You also visited: Labyrinth, Sewer, Ossuary and Ice Cave.

You collected 705 gold pieces.

Inventory:

Hand Weapons
 a - a +2 dagger of draining (weapon)
 b - a +3 blowgun
 k - a +1 scimitar of flaming
 G - a +3 dagger of distortion
Missiles
 g - 3 needles of paralysis
 j - 49 poisoned needles
 s - 278 stones (quivered)
 C - 67 sling bullets
 M - 11 needles of sleeping
 T - 4 curare-tipped needles
 V - 4 tomahawks of dispersal
Armour
 c - a +0 buckler (worn)
 B - a +2 cloak of poison resistance (worn)
 N - the +4 swamp dragon scales of Nystups (worn) {*Drain *Slow +Fly rPois rN+++}
   (You found it in a labyrinth)

   It protects you from poison.
   It renders you almost immune to negative energy.
   It lets you fly.
   It causes draining when unequipped.
   It may slow you when you take damage.
 S - a +2 hat of intelligence (worn)
 Y - a scarf of repulsion
Jewellery
 h - the amulet "Imeepho" (around neck) {Acrobat rElec rC+ Stlth+}
   (You found it in a labyrinth)

   [amulet of the acrobat]

   It helps you evade while moving and waiting.
   It protects you from cold.
   It insulates you from electricity.
   It makes you more stealthy.
 p - a +3 ring of protection (left hand)
 u - an uncursed amulet of faith
 D - an uncursed ring of flight
 L - a ring of protection from cold (right hand)
Wands
 i - a wand of paralysis (13)
 t - a wand of iceblast (8)
 A - a wand of scattershot (12)
 H - a wand of enslavement (35)
 Q - a wand of acid (27)
 R - a wand of digging (18)
 X - a wand of disintegration (26)
Scrolls
 e - 3 scrolls of fear {!r}
 m - 7 scrolls of teleportation {!r}
 o - 2 scrolls of remove curse {!r}
 r - a scroll of enchant armour {!r}
 x - a scroll of fog {!r}
 y - 2 scrolls of blinking {!r}
 E - a scroll of brand weapon {!r}
 W - a scroll of silence {!r}
Potions
 d - 4 potions of might {!q}
 l - 2 potions of heal wounds {!q}
 q - 3 potions of magic {!q}
 v - a potion of mutation {!q, unknown}
 w - 2 potions of flight {!q}
 z - 3 potions of brilliance {!q}
 F - a potion of haste {!q}
 I - a potion of curing {!q}
 K - 2 potions of agility {!q}
Comestibles
 f - 13 rations


   Skills:
 - Level 4.0(9.0) Fighting
 - Level 8.0(13.0) Short Blades
 - Level 10.0(15.0) Throwing
 - Level 10.0(15.0) Dodging
 - Level 8.0(13.0) Stealth
 - Level 7.2(12.2) Shields
 + Level 6.2 Spellcasting
 - Level 8.0 Invocations
 - Level 8.0 Evocations


You had 8 spell levels left.
You knew the following spells:

 Your Spells              Type           Power        Failure   Level  Hunger
a - Poisonous Vapours     Pois/Air       #.....       38%         2    #......
b - Call Imp              Summ           #.......     38%         2    #......
c - Dazzling Spray        Conj/Hex       #.....       63%         3    ###....
e - Mephitic Cloud        Conj/Pois/Air  #.......     63%         3    ###....
s - Conjure Flame         Conj/Fire      #.......     63%         3    ###....
v - Blink                 Tloc           N/A          38%         2    #......

Your spell library contained the following spells:

 Spells                   Type           Power        Failure   Level  Hunger
 Magic Dart               Conj           #...         28%         1    None
 Slow                     Hex            #.......     38%         2    #......
 Freezing Cloud           Conj/Ice/Air   #.........   100%        6    #######
 Ring of Flames           Chrm/Fire      #.........   100%        7    #######
 Iskenderun's Mystic Bla  Conj           #.......     95%         4    ####...
 Flame Tongue             Conj/Fire      #....        28%         1    None
 Metabolic Englaciation   Hex/Ice        #.........   100%        5    ######.
 Darkness                 Hex            #.........   100%        6    #######
 Fulminant Prism          Conj/Hex       #.........   95%         4    ####...
 Force Lance              Conj/Tloc      #.......     95%         4    ####...
 Searing Ray              Conj           #.....       38%         2    #......


Dungeon Overview and Level Annotations

Branches:
Dungeon (14/15)            Temple (1/1) D:6            Lair (0/6) D:11
    Orc (0/2) D:11         Vaults (0/5) D:13

Altars:
Ashenzari
Cheibriados
Dithmenos
Elyvilon
Fedhas
Gozag
Hepliaklqana
Kikubaaqudgha
Makhleb
Nemelex Xobeh
Okawaru
Qazlal
Ru
Sif Muna
Trog
Uskayaw
Vehumet
Wu Jian
Xom
Yredelemnul
Zin
The Shining One

Shops:
D:8 }


Innate Abilities, Weirdness & Mutations

You are very small and have problems with some larger weapons.
You are too small for most types of armour.
You have supernaturally acute eyesight. (SInv)
You are a herbivore.
You cover ground extremely quickly.
You need to consume almost no food.


Message History

You barely miss the wolf.
The wolf is moderately wounded.
The wolf completely misses you.
You hit the wolf but do no damage.
The wolf is moderately wounded.
You block the wolf's attack. x2
You closely miss the wolf.
The wolf is moderately wounded.
You block the wolf's attack. The wolf barely misses you. x2
You hit the wolf but do no damage. You drain the wolf!
The wolf is heavily wounded.
The wolf misses you. You block the wolf's attack. The wolf barely misses you.
You hit the wolf but do no damage. You drain the wolf!
The wolf is heavily wounded.
The wolf completely misses you. The wolf barely misses you.
The wolf completely misses you.
You closely miss the wolf.
The wolf is heavily wounded.
The wolf barely misses you. The wolf closely misses you.
The wolf bites you but does no damage.
You barely miss the wolf.
The wolf is heavily wounded.
The wolf bites you.
* * * LOW HITPOINT WARNING * * *
You block the wolf's attack. x2
You closely miss the wolf.
The wolf is heavily wounded.
The wolf bites you but does no damage. You block the wolf's attack.
The wolf bites you but does no damage.
You hit the wolf but do no damage.
The wolf is heavily wounded.
The wolf completely misses you. You block the wolf's attack.
The wolf closely misses you. The wolf misses you.
You closely miss the wolf.
The wolf is lightly wounded.
The wolf bites you but does no damage.
Your swamp dragon scales of Nystups prevents you from hitting the wolf.
The wolf is heavily wounded.
The wolf bites you but does no damage. x2; You block the wolf's attack.
You miss the wolf.
The wolf is heavily wounded.
The wolf completely misses you. The yak completely misses you.
You block the wolf's attack. The wolf barely misses you.
You hit the wolf.
The wolf is severely wounded.
The wolf closely misses you. You block the wolf's attack. x2
You hit the wolf. You drain the wolf!
The wolf is almost dead.
You block the wolf's attack. The yak gores you but does no damage.
You block the wolf's attack. x2
You closely miss the wolf.
The wolf is almost dead.
The wolf closely misses you. The wolf bites you!
* * * LOW HITPOINT WARNING * * *
You block the wolf's attack. The wolf misses you.
You are too injured to fight recklessly!
You are too injured to fight recklessly!
You are too injured to fight recklessly!
You are too injured to fight recklessly!
You are too injured to fight recklessly!
You are too injured to fight recklessly!
You gain the combat prowess of a mighty hero.
The yak gores you!
You die...

####
##hh#
#.h@#
##.Y##
#.∩.#
#...#
#...#
...##
##...
#..#
#.##


You could see a yak and 3 wolves.

Vanquished Creatures
  Gastronok (D:7)
  A minotaur (Lab)
  A hydra (D:13)
  Erica (D:8)
  2 two-headed ogres
  A deep elf mage (D:12)
  An ugly thing (D:13)
  Psyche (D:11)
  4 centaur skeletons
  A freezing wraith (D:12)
  A redback zombie (D:10)
  A hornet (D:10)
  A queen bee (D:9)
  2 trolls
  3 hippogriffs
  8 slime creatures
  13 yaks
  3 wraiths
  4 basilisks (Lab)
  Menkaure (D:4)
  3 vampire mosquitoes (D:11)
  2 acid dragons
  A porcupine (shapeshifter) (D:13)
  5 orc warriors
  3 sky beasts
  A necrophage (D:11)
  A sky beast (shapeshifter) (D:13)
  4 ice beasts
  4 phantoms
  6 ogres
  2 centaurs
  A crocodile (Sewer)
  A big kobold (shapeshifter) (D:13)
  A big kobold (D:11)
  8 bullfrogs
  A wyvern skeleton (D:9)
  13 killer bees (D:9)
  5 wights (D:10)
  An electric eel (D:11)
  3 howler monkeys
  3 crimson imps
  4 lava snakes (Lab)
  2 quasits
  3 jellies
  10 orc wizards
  3 hounds
  2 bullfrog zombies (D:13)
  11 orc priests
  4 bullfrog skeletons
  2 iguanas
  9 worker ants
  A hound zombie (D:8)
  11 mummies (Ossuary)
  13 adders
  4 gnolls
  A river rat (D:5)
  2 shadow imps
  3 oozes
  2 adder skeletons
  3 worms
  5 dart slugs
  6 leopard geckos
  51 orcs
  2 ball pythons (D:5)
  8 giant cockroaches
  5 hobgoblins
  8 jackals
  10 kobolds
  4 quokkas
  11 bats
  3 frilled lizards
  4 gnoll skeletons (Ossuary)
  5 goblins
  A goblin skeleton (Ossuary)
  A jackal zombie (D:8)
  2 kobold skeletons (Ossuary)
  An orc skeleton (Ossuary)
  A quokka skeleton (D:5)
  14 rats
  11 rat skeletons (Ossuary)
363 creatures vanquished.

Notes
Turn   | Place    | Note
-------+----------+-------------------------------------------
     0 | D:1      | Amnesiac the Spriggan Fighter began the quest for the Orb.
     0 | D:1      | Reached XP level 1. HP: 11/11 MP: 2/2
   151 | D:2      | Reached skill level 1 in Stealth
   603 | D:2      | Reached XP level 2. HP: 16/16 MP: 3/3
   684 | D:2      | Reached skill level 1 in Throwing
  1004 | D:2      | Reached XP level 3. HP: 15/19 MP: 4/4
  1260 | D:2      | Found a stormy altar of Qazlal.
  1814 | D:1      | Reached XP level 4. HP: 23/23 MP: 5/5
  2739 | D:3      | Reached XP level 5. HP: 22/27 MP: 6/6
  3266 | D:4      | Noticed a phantom
  3273 | D:4      | Killed a phantom
  3273 | D:4      | Reached skill level 5 in Throwing
  3273 | D:4      | Reached skill level 5 in Dodging
  3273 | D:4      | Reached XP level 6. HP: 24/32 MP: 7/7
  3472 | D:4      | Found a sand-covered staircase.
  3479 | Ossuary  | Entered an ossuary
  4247 | Ossuary  | Reached XP level 7. HP: 31/35 MP: 8/8
  4803 | D:4      | Noticed Menkaure
  4828 | D:4      | Killed Menkaure
  5304 | D:5      | Entered Level 5 of the Dungeon
  5760 | D:5      | Found a glowing drain.
  5782 | Sewer    | Entered a sewer
  5826 | Sewer    | Reached XP level 8. HP: 39/39 MP: 9/9
  6853 | D:6      | Found a staircase to the Ecumenical Temple.
  6877 | Temple   | Entered the Ecumenical Temple
  6968 | Temple   | Became a worshipper of Warmaster Okawaru
  7006 | D:6      | Learned a level 2 spell: Poisonous Vapours
  7010 | D:6      | Learned a level 3 spell: Conjure Flame
  7412 | D:6      | Reached skill level 5 in Stealth
  7567 | D:6      | Reached skill level 5 in Short Blades
  7742 | D:6      | Found a blossoming altar of Fedhas.
  8428 | D:7      | Reached XP level 9. HP: 26/43 MP: 10/10
  8591 | D:7      | Reached * piety under Okawaru
  9164 | D:8      | Found Mepnoir's Gadget Shoppe.
  9164 | D:8      | Noticed Erica
  9173 | D:8      | Killed Erica
  9173 | D:8      | Reached ** piety under Okawaru
  9557 | D:8      | Noticed Gastronok
  9577 | D:8      | Got a scintillating brass ring
  9581 | D:8      | Identified the ring "Gesokari" {rN+ Str-3 Int+3 SInv} (You found it on level 8 of the Dungeon)
 10041 | D:7      | Killed Gastronok
 10041 | D:7      | Reached *** piety under Okawaru
 10041 | D:7      | Reached **** piety under Okawaru
 10041 | D:7      | Received a gift from Okawaru
 10041 | D:7      | Received a gift from Okawaru
 10041 | D:7      | Reached XP level 10. HP: 47/47 MP: 11/11
 10529 | D:9      | Received a gift from Okawaru
 10748 | D:9      | Reached skill level 5 in Shields
 10949 | D:9      | Noticed a two-headed ogre
 10990 | D:9      | Killed a two-headed ogre
 10990 | D:9      | Reached ***** piety under Okawaru
 11018 | D:9      | Received a gift from Okawaru
 11260 | D:9      | Received a gift from Okawaru
 11662 | D:9      | Found a burning altar of Makhleb.
 11662 | D:9      | Noticed a cacodemon
 11731 | D:10     | Entered Level 10 of the Dungeon
 11962 | D:10     | Reached XP level 11. HP: 51/51 MP: 12/12
 12161 | D:10     | Noticed a two-headed ogre
 12209 | D:10     | Killed a two-headed ogre
 12391 | D:10     | Reached skill level 10 in Throwing
 12391 | D:10     | Reached skill level 10 in Dodging
 12956 | D:10     | Reached skill level 1 in Invocations
 13415 | D:11     | Found a staircase to the Lair.
 13552 | D:11     | Noticed Psyche
 13605 | D:11     | Killed Psyche
 13605 | D:11     | Reached skill level 5 in Invocations
 13837 | D:11     | Received a gift from Okawaru
 14097 | D:11     | Found a staircase to the Orcish Mines.
 14767 | D:12     | Noticed a deep elf mage
 14783 | D:12     | Killed a deep elf mage
 15309 | D:12     | Reached skill level 1 in Evocations
 15789 | D:12     | Learned a level 2 spell: Blink
 15793 | D:12     | Learned a level 3 spell: Mephitic Cloud
 16011 | D:13     | Reached XP level 12. HP: 58/58 MP: 19/19
 16041 | D:13     | Reached skill level 5 in Evocations
 16044 | D:13     | Found a labyrinth entrance.
 16083 | Lab      | Entered a labyrinth
 16488 | Lab      | Noticed a minotaur
 16560 | Lab      | Identified Tiaxem's Guide on Igneous Execration
 16837 | Lab      | Killed a minotaur
 16856 | Lab      | Got a steaming sapphire amulet
 16856 | Lab      | Got crude swamp dragon scales
 16867 | Lab      | Identified the +4 swamp dragon scales of Nystups {*Drain *Slow +Fly rPois rN+++} (You found it in a labyrinth)
 16987 | D:13     | Noticed an anaconda
 16987 | D:13     | an eye of devastation changed into an anaconda
 16992 | D:13     | an anaconda changed into a deep troll
 17019 | D:13     | Found a gate to the Vaults.
 17117 | D:12     | Identified the amulet "Imeepho" {Acrobat rElec rC+ Stlth+} (You found it in a labyrinth)
 17355 | D:13     | Reached skill level 1 in Spellcasting
 17738 | D:13     | Noticed a seven-headed hydra
 17765 | D:13     | Killed a seven-headed hydra
 17765 | D:13     | Reached skill level 5 in Spellcasting
 18256 | D:14     | Noticed a death knight
 18327 | D:13     | Learned a level 2 spell: Call Imp
 18331 | D:13     | Learned a level 3 spell: Dazzling Spray
 18343 | D:14     | Noticed a centaur warrior
 18563 | D:14     | Noticed a two-headed ogre
 18570 | D:14     | Noticed a two-headed ogre
 18695 | D:14     | Found a frozen archway.
 18707 | IceCv    | Entered an ice cave
 18731 | IceCv    | Slain by a yak

Vault maps used:
D:1:      sevenhm_arrival_forest_fort_small_4, hangedman_decor_opposing
D:2:      nicolae_qazlal_eye_of_the_storm
D:4:      nicolae_ossuary_entry_ruins, uniq_menkaure
D:5:      portal_sewer_entry_b, first_ration
D:6:      minmay_temple_entry_mist, basic_altar
D:7:      hex_tiny
D:8:      serial_shops, nicolae_shop_trees, uniq_gastronok, uniq_erica
D:9:      makhleb_altar_promises_db, serial_column_ruins, column_ruins_hut,
          column_ruins_grid_1, column_ruins_columns_corner,
          column_ruins_corridor_corner, column_ruins_grid_3,
          column_ruins_corridor_dead_end, david_nohive_1
D:11:     lair_entry_dummy, erik_orc_2, uniq_psyche
D:13:     david_vaults_2, lab_entry_generic
D:14:     portal_ice_cave_entry_pillars_1, serial_shops, nicolae_shop_trees,
          minmay_door_square
Temple:   grunt_wide_crystal_templ
Lab:      lab_hedge, labyrinth_lava_lair, nicolae_lab_x
Sewer:    sewer_big_baddie
Ossuary:  ossuary_due_small_catacomb
IceCv:    ice_cave_caverns_02

Skill      XL: |  1  2  3  4  5  6  7  8  9 10 11 12 |
---------------+-------------------------------------+-----
Stealth        | 2 3 5 7 8 |  8.0
Throwing       | 2 3 4 5 6 7 9 10 | 10.0
Dodging        | 5 6 7 9 10 | 10.0
Shields        | 3 4 7 |  7.2
Short Blades   | 3 5 7 8 |  8.0
Fighting       | 4 |  4.0
Invocations    | 8 |  8.0
Evocations     | 4 8 |  8.0
Spellcasting   | 6 |  6.2

Action                   |  1- 3 |  4- 6 |  7- 9 | 10-12 || total
-------------------------+-------+-------+-------+-------++-------
Melee: Rapier            |   113 |   230 |   342 |   211 ||   896
       Scimitar          |       |       |    14 |    22 ||    36
       Dagger            |       |       |     3 |   973 ||   976
 Fire: Blowgun           |    44 |       |   123 |   115 ||   282
Throw: Tomahawk          |       |    20 |    43 |    94 ||   157
       Stone             |       |     1 |    68 |   112 ||   181
Invok: Heroism           |       |       |       |     4 ||     4
 Abil: Evoke Flight      |       |       |       |     1 ||     1
Evoke: Wand              |       |       |       |     6 ||     6
  Use: Scroll            |     5 |     4 |    18 |    12 ||    39
       Potion            |       |     1 |     2 |     5 ||     8
 Stab: Sleeping          |     4 |     7 |     8 |    19 ||    38
       Paralysed         |     1 |       |     3 |       ||     4
       Distracted        |     1 |       |       |     1 ||     2
  Eat: Ration            |       |     2 |     3 |     5 ||    10
Armor: Robe              |    11 |    26 |    36 |    32 ||   105
       Troll leather arm |       |       |       |    65 ||    65
       Swamp dragon scal |       |       |       |    77 ||    77
Dodge: Dodged            |   107 |   132 |   312 |   755 ||  1306
       Deflected         |       |       |       |     3 ||     3
Block: Buckler           |    34 |    55 |   127 |   365 ||   581
       Rpst.: Scimitar   |       |       |     3 |     8 ||    11

Table legend:
 A = Spawn XP
 B = Non-spawn XP
 C = Spawn XP percentage of total XP
 D = Spawn monster count
 E = Non-spawn monster count
 F = Spawn count percentage of total count
 G = Total turns spent on level
                    A         B        C        D         E        F      G
               +---------+---------+-------+---------+---------+-------+---------
         Total |       0 |   28871 |   0.0 |       0 |     363 |   0.0 | 18731
               +---------+---------+-------+---------+---------+-------+---------
           D:1 |       0 |      53 |   0.0 |       0 |      17 |   0.0 |  1159
           D:2 |       0 |      68 |   0.0 |       0 |      26 |   0.0 |  1261
           D:3 |       0 |     128 |   0.0 |       0 |      26 |   0.0 |   776
           D:4 |       0 |     496 |   0.0 |       0 |      14 |   0.0 |  1101
           D:5 |       0 |     496 |   0.0 |       0 |      20 |   0.0 |   640
           D:6 |       0 |     930 |   0.0 |       0 |      24 |   0.0 |  1665
           D:7 |       0 |    2612 |   0.0 |       0 |      16 |   0.0 |  1250
           D:8 |       0 |    1764 |   0.0 |       0 |      16 |   0.0 |  1036
           D:9 |       0 |    3656 |   0.0 |       0 |      39 |   0.0 |  1402
          D:10 |       0 |    3371 |   0.0 |       0 |      25 |   0.0 |  1407
          D:11 |       0 |    3225 |   0.0 |       0 |      42 |   0.0 |  1412
          D:12 |       0 |    4467 |   0.0 |       0 |      22 |   0.0 |  1572
          D:13 |       0 |    4963 |   0.0 |       0 |      25 |   0.0 |  1526
          D:14 |       0 |      35 |   0.0 |       0 |       1 |   0.0 |   161
        Temple |       0 |      93 |   0.0 |       0 |       5 |   0.0 |   441
           Lab |       0 |    2192 |   0.0 |       0 |       9 |   0.0 |   788
         Sewer |       0 |     113 |   0.0 |       0 |       6 |   0.0 |   103
       Ossuary |       0 |     209 |   0.0 |       0 |      30 |   0.0 |  1007
               +---------+---------+-------+---------+---------+-------+---------
